 Dungeon Crawl Stone Soup version 0.19-a0-1922-g1e9a4c1 (webtiles) character file.

7486 varam the Grappler (level 10, -2/91 HPs)
             Began as a Troll Monk on Oct 24, 2016.
             Was a High Priest of Okawaru.
             Slain by a 12-headed hydra (4 damage)
             ... on level 1 of the Lair of Beasts.
             The game lasted 00:25:41 (8340 turns).

varam the Grappler (Troll Monk)                     Turns: 8340, Time: 00:25:42

Health: -2/91      AC:  9    Str: 21    XL:     10   Next: 94%
Magic:  8/10       EV: 23    Int:  6    God:    Okawaru [*****.]
Gold:   451        SH:  0    Dex: 15    Spells: 0 memorised, 9 levels left

rFire  . . .     SeeInvis .       - Unarmed
rCold  . . .     Gourm    +     T - +1 robe {rN+}
rNeg   + . .     Faith    +     (no shield)
rPois  +         Spirit   .     (helmet restricted)
rElec  .         Reflect  .     n - +2 cloak
rCorr  .         Harm     .     (gloves unavailable)
MR     .....                    (boots unavailable)
Stlth  +++.......               D - amulet of faith
                                q - ring of poison resistance
                                Q - +5 ring of evasion

@: heroism
A: unfitting armour, claws 3, fast metabolism 3, gourmand, regeneration 1,
shaggy fur 1, tough skin 2
a: Heroism, Finesse, Renounce Religion


You were on level 1 of the Lair of Beasts.
You worshipped Okawaru.
Okawaru was extremely pleased with you.
You were full.

You visited 3 branches of the dungeon, and saw 12 of its levels.

You collected 613 gold pieces.
You spent 162 gold pieces at shops.

Inventory:

Hand Weapons
 M - a cursed -2 blowgun
 P - a +0 dagger
Missiles
 O - 17 poisoned needles
 U - 2 throwing nets
 V - 4 tomahawks (quivered)
Armour
 n - a +2 cloak (worn)
 T - a +1 robe of positive energy (worn)
Jewellery
 f - an uncursed ring of fire
 q - a ring of poison resistance (right claw)
 x - an uncursed ring of ice
 D - an amulet of faith (around neck)
 E - an uncursed amulet of rage
 G - an uncursed ring of fire
 K - a +5 ring of strength
 Q - a +5 ring of evasion (left claw)
 W - an uncursed ring of protection from magic
Scrolls
 e - 3 scrolls of remove curse {@r2}
 o - 3 scrolls of enchant weapon {unknown}
 r - 9 scrolls of teleportation
 s - a scroll of blinking {unknown}
 w - 6 scrolls of fear
 y - a scroll of immolation {unknown}
 C - 4 scrolls of amnesia {unknown}
 F - 2 scrolls of random uselessness {unknown}
 H - 3 scrolls of recharging {unknown}
 N - 3 scrolls of magic mapping
Potions
 b - a potion of brilliance
 d - 3 potions of heal wounds
 i - a potion of cure mutation {unknown}
 j - 3 potions of might {unknown}
 p - 3 potions of flight
 z - a potion of berserk rage {unknown}
 A - 3 potions of curing {@q1}
 B - 2 potions of mutation {unknown}
 I - 2 potions of invisibility {unknown}
 J - 2 potions of lignification {unknown}
Comestibles
 a - 4 chunks of flesh
 c - 4 slices of pizza


   Skills:
 + Level 3.4(8.4) Fighting
 * Level 2.0(7.0) Throwing
 - Level 7.9(12.9) Dodging
 - Level 1.0(6.0) Stealth
 + Level 13.5(18.5) Unarmed Combat
 + Level 1.5 Invocations


You had 9 spell levels left.
You didn't know any spells.

Dungeon Overview and Level Annotations

Branches:
Dungeon (10/15)            Temple (1/1) D:5            Lair (1/6) D:9
    Orc (0/2) D:10

Altars:
Ashenzari
Dithmenos
Elyvilon
Fedhas
Gozag
Hepliaklqana
Kikubaaqudgha
Nemelex Xobeh
Okawaru
Ru
Sif Muna
Trog
Uskayaw
Yredelemnul
Zin
The Shining One

Shops:
D:6 (   D:10 ?

Annotations:
D:4 Capuchin's ghost, amateur MiFi


Innate Abilities, Weirdness & Mutations

You are too large for most types of armour.
You have claws for hands.
Your metabolism is lightning-fast.
You like to eat raw meat.
Your natural rate of healing is unusually fast.
You are covered in fur. (AC +1)
You have very tough skin. (AC +2)


Message History

* * * LOW HITPOINT WARNING * * *
The 11-headed hydra misses you.
The 11-headed hydra bites you but does no damage.
The 11-headed hydra bites you!
* * * LOW HITPOINT WARNING * * *
The 11-headed hydra completely misses you.
The 11-headed hydra closely misses you. x2; The 11-headed hydra misses you.
The 11-headed hydra completely misses you.
You rip one of the 11-headed hydra's heads off!
The ten-headed hydra grows two more!
You scratch the 12-headed hydra.
The 12-headed hydra is severely wounded.
The 12-headed hydra bites you.
* * * LOW HITPOINT WARNING * * *
The 12-headed hydra bites you!
* * * LOW HITPOINT WARNING * * *
The 12-headed hydra misses you. The 12-headed hydra bites you.
* * * LOW HITPOINT WARNING * * *
The 12-headed hydra completely misses you.
The 12-headed hydra barely misses you. The 12-headed hydra bites you.
You die...

###........#...###.#
#...#P...#### #.#
#...##.### #.#
##.#...#### #.#
###.......P######.##
##..................#
#P.#.#....#........##
...##[.....#.......#
...#.......#####@..##
...##......#....D...#
...#.#....##....(..##
...##....###.......#
...##....# ######..#
##.... #......#
......# #..(......
........ ....##..#P
........ ...... .#


You could see a 12-headed hydra.

Vanquished Creatures
  2 hill giants
  A komodo dragon (Lair:1)
  A two-headed ogre (D:9)
  3 hippogriffs
  Sigmund (D:3)
  A wyvern (D:9)
  A hungry ghost (D:8)
  3 wargs
  3 water moccasins
  4 orc warriors
  3 phantoms
  2 ice beasts
  5 ogres
  A necrophage (D:7)
  A centaur (D:7)
  A big kobold (D:8)
  3 bullfrogs
  A wyvern skeleton (D:9)
  4 scorpions
  8 wights
  11 killer bees
  5 howler monkeys (D:8)
  3 crimson imps
  2 bullfrog zombies
  A quasit (D:7)
  6 hounds
  3 jellies
  8 orc priests
  2 bullfrog skeletons (D:7)
  A centaur skeleton (D:8)
  Crazy Yiuf (D:7)
  A gnoll shaman (D:9)
  3 orc wizards
  2 iguanas
  8 worker ants
  2 hound skeletons
  4 gnolls (D:9)
  9 adders
  3 oozes
  An adder skeleton (D:4)
  2 worms (D:3)
  2 leopard geckos
  51 orcs
  13 bats
  3 giant cockroaches
  7 goblins
  6 hobgoblins
  16 jackals
  3 quokkas
  A ball python (D:1)
  2 frilled lizards
  2 jackal skeletons
  10 kobolds
  A quokka skeleton (D:8)
  A quokka zombie (D:6)
  6 rats
  2 fungi (D:5)
253 creatures vanquished.

Vanquished Creatures (others)
  A fungus (D:5)
1 creature vanquished.

Grand Total: 254 creatures vanquished

Notes
Turn   | Place    | Note
-------+----------+-------------------------------------------
     0 | D:1      | varam the Troll Monk began the quest for the Orb.
     0 | D:1      | Reached XP level 1. HP: 22/22 MP: 0/0
    76 | D:1      | Reached XP level 2. HP: 29/29 MP: 1/1
   297 | D:1      | Reached skill level 4 in Unarmed Combat
   736 | D:2      | Found a shattered altar of Ashenzari.
   737 | D:2      | Reached XP level 3. HP: 36/36 MP: 2/2
  1109 | D:2      | Found a sacrificial altar of Ru.
  1428 | D:4      | Noticed a scorpion
  1450 | D:4      | Killed a scorpion
  1450 | D:4      | Reached skill level 5 in Unarmed Combat
  1450 | D:4      | Reached XP level 4. HP: 27/44 MP: 3/3
  1618 | D:4      | Reached XP level 5. HP: 40/50 MP: 4/4
  1641 | D:4      | Reached skill level 6 in Unarmed Combat
  1770 | D:4      | Found a sparkling altar of Nemelex Xobeh.
  1770 | D:4      | Found an opulent altar of Gozag.
  1905 | D:5      | Entered Level 5 of the Dungeon
  1910 | D:5      | Found a white marble altar of Elyvilon.
  1938 | D:5      | Found a staircase to the Ecumenical Temple.
  1948 | Temple   | Entered the Ecumenical Temple
  1994 | Temple   | Became a worshipper of Warmaster Okawaru
  1994 | Temple   | Reached * piety under Okawaru
  1994 | Temple   | Reached ** piety under Okawaru
  2163 | D:3      | Reached XP level 6. HP: 50/59 MP: 5/5
  2279 | D:3      | Reached skill level 7 in Unarmed Combat
  2356 | D:3      | Found a shadowy altar of Dithmenos.
  2365 | D:3      | Noticed Sigmund
  2371 | D:3      | Killed Sigmund
  3038 | D:4      | Noticed Capuchin's ghost (amateur MiFi)
  3512 | D:5      | Reached skill level 8 in Unarmed Combat
  3551 | D:5      | Reached XP level 7. HP: 60/66 MP: 6/6
  3849 | D:5      | Found a blossoming altar of Fedhas.
  3878 | D:5      | Reached *** piety under Okawaru
  3878 | D:5      | Reached skill level 9 in Unarmed Combat
  4262 | D:6      | Reached XP level 8. HP: 74/74 MP: 7/7
  4704 | D:6      | Reached skill level 5 in Dodging
  4833 | D:6      | Found Pamihass's Antique Weapon Boutique.
  4930 | D:6      | Reached **** piety under Okawaru
  5131 | D:7      | Found a glowing golden altar of the Shining One.
  5475 | D:7      | Reached XP level 9. HP: 77/80 MP: 8/8
  5589 | D:7      | Found a runed door.
  5708 | D:7      | Reached skill level 10 in Unarmed Combat
  5726 | D:7      | Noticed Crazy Yiuf
  5730 | D:7      | Killed Crazy Yiuf
  5941 | D:8      | Noticed a hill giant
  5957 | D:8      | Killed a hill giant
  5957 | D:8      | Reached ***** piety under Okawaru
  5957 | D:8      | Reached skill level 11 in Unarmed Combat
  6482 | D:8      | Reached skill level 1 in Invocations
  6496 | D:8      | Found a faded altar of an unknown god.
  6496 | D:8      | Found a faded altar of an unknown god.
  6501 | D:8      | Found a faded altar of an unknown god.
  6503 | D:8      | Found a hazy altar of Hepliaklqana.
  6505 | D:8      | Found a faded altar of an unknown god.
  6576 | D:9      | Reached XP level 10. HP: 81/89 MP: 6/9
  6600 | D:9      | Reached skill level 12 in Unarmed Combat
  6778 | D:9      | Found a staircase to the Lair.
  6845 | D:9      | Received a gift from Okawaru
  7113 | D:9      | Noticed a hill giant
  7126 | D:9      | Killed a hill giant
  7214 | D:9      | Reached skill level 13 in Unarmed Combat
  7469 | D:10     | Entered Level 10 of the Dungeon
  7572 | D:10     | Reached skill level 1 in Throwing
  7693 | D:10     | Found a staircase to the Orcish Mines.
  7851 | D:10     | Found Fuulou's Magic Scroll Shoppe.
  7870 | D:10     | Bought a scroll of magic mapping for 45 gold pieces
  7870 | D:10     | Bought 3 scrolls of teleportation for 117 gold pieces
  8173 | Lair:1   | Entered Level 1 of the Lair of Beasts
  8323 | Lair:1   | Noticed a six-headed hydra
  8340 | Lair:1   | HP: 3/91 [12-headed hydra (9)]
  8340 | Lair:1   | Slain by a 12-headed hydra

Vault maps used:
D:1:      mainiacjoe_arrival_reflecting_pool
D:2:      nicolae_ru_path_of_blood, nicolae_ashenzari_panopticon
D:3:      grunt_dithmenos_smoke_and_mirrors, uniq_sigmund
D:4:      grunt_temple_overflow_opulence, first_bread, uniq_eustachio
D:5:      old_forge, basic_altar, moated_statue, fedhas_altar_1
D:6:      serial_shops, shop_statue
D:7:      basic_altar, uniq_crazy_yiuf_cottage
D:8:      chequers_temple_overflow_minitemple
D:9:      erik_lair_orcish_takeover
D:10:     erik_orc_3, serial_shops, nicolae_shop_trees
Temple:   regret_index_temple_sphere_string
Lair:1:   grunt_megastairs_1

Skill      XL: |  1  2  3  4  5  6  7  8  9 10 |
---------------+-------------------------------+-----
Unarmed Combat | 4 5 6 8 9 11 13 | 13.5
Dodging        | 3 6 7 |  7.9
Invocations    | 1 |  1.5
Fighting       | 3 |  3.4
Throwing       | 2 |  2.0
Stealth        | |  1.0

Action                   |  1- 3 |  4- 6 |  7- 9 | 10-12 || total
-------------------------+-------+-------+-------+-------++-------
Melee: Unarmed           |   104 |   165 |   321 |   205 ||   795
       Punch             |     1 |     2 |    15 |    13 ||    31
       Eveningstar       |       |       |     4 |       ||     4
Throw: Stone             |       |       |     1 |     2 ||     3
       Tomahawk          |       |       |       |     9 ||     9
Invok: Heroism           |       |     2 |     4 |     5 ||    11
  Use: Scroll            |       |       |     3 |     9 ||    12
 Stab: Sleeping          |     3 |     4 |     6 |     1 ||    14
       Distracted        |       |     1 |     1 |       ||     2
  Eat: Chunk             |     6 |    17 |    31 |    15 ||    69
       Royal jelly       |     1 |       |       |       ||     1
       Pizza             |     1 |       |       |       ||     1
       Meat ration       |       |     1 |       |       ||     1
Armor: Robe              |    35 |    42 |    78 |    41 ||   196
Dodge: Dodged            |    68 |    59 |   148 |   215 ||   490
